 Dungeon Crawl Stone Soup version 0.30.1-11-g7821555f0a (webtiles) character file.

Game seed: 3242259477111032126

97 lonewolfV2 the Trooper (level 4, -1/35 (37) HPs)
             Began as a Demonspawn Fighter on Oct 30, 2023.
             Killed from afar by an orc wizard (6 damage)
             ... with a magic dart
             ... on level 3 of the Dungeon.
             The game lasted 00:01:56 (1683 turns).

lonewolfV2 the Trooper (Demonspawn Fighter)         Turns: 1683, Time: 00:01:57

HP:   -1/35 (37)    AC:  6    Str: 16    XL:     4   Next: 42%
MP:   4/4           EV:  8    Int:  9    God:
Gold: 105           SH:  5    Dex: 15    Spells: 3/3 levels left

rFire   . . .        a - +0 war axe
rCold   . . .        c - +0 buckler
rNeg    . . .        b - +0 scale mail
rPois   .            (no helmet)
rElec   .            (no cloak)
rCorr   .            (no gloves)
SInv    .            (no boots)
Will    .....        (no amulet) Stlth
                     (no ring)
HPRegen 0.25/turn    (no ring)
MPRegen 0.09/turn

%: no passive effects
@: drained
A: powered by death 1
a: no special abilities


You were on level 3 of the Dungeon.
You visited 1 branch of the dungeon, and saw 3 of its levels.

You collected 105 gold pieces.

Inventory:

Hand Weapons
 a - a +0 war axe (weapon)
Armour
 b - a +0 scale mail (worn)
 c - a +0 buckler (worn)
Scrolls
 f - 2 scrolls of identify {unknown}
 i - a scroll of immolation {unknown}
 j - 2 scrolls of teleportation {unknown}
 k - 2 scrolls of enchant weapon {unknown}
 l - a scroll of enchant armour {unknown}
Potions
 d - 2 potions of might
 e - 2 potions of flight {unknown}
 g - 2 potions of haste {unknown}
 h - 2 potions of attraction {unknown}
 m - 4 potions of degeneration {unknown}
 n - a potion of brilliance {unknown}
 o - 2 potions of mutation {unknown}
 p - a potion of curing {unknown}


   Skills:
 + Level 3.8 Fighting
 * Level 3.6 Axes
 - Level 2.6 Armour
 - Level 2.6 Shields


You had 3 spell levels left.
You didn't know any spells.
Your spell library contained the following spells:

 Spells                   Type           Power      Damage    Failure   Level
 Freeze                   Ice            0%         1d3       88%         1
 Frozen Ramparts          Ice            0%         1d1       99%         3
 Hailstorm                Conj/Ice       0%         3d3       99%         3
 Mephitic Cloud           Conj/Pois/Air  0%         N/A       99%         3
 Passage of Golubria      Tloc           0%         N/A       100%        4
 Summon Lightning Spire   Summ/Air       0%         N/A       100%        4
 Conjure Ball Lightning   Conj/Air       0%         3x3d6     100%        6


Dungeon Overview and Level Annotations

Branches:
Dungeon (3/15)

Altars:


Innate Abilities, Weirdness & Mutations

You regenerate a little health from kills.


Message History

The orc hits you with a +0 short sword.
You closely miss the orc.
The orc is almost dead.
The orc hits you with a +0 short sword. The orc hits you but does no damage.
You closely miss the orc.
The orc is almost dead.
The orc hits you but does no damage.
You hit the orc.
You kill the orc!
You hit something.
You hear some strange, mumbled words.
You are confused.
You closely miss something. Something hits you.
You see here 10 gold pieces.
You completely miss something. Something hits you.
Something hits you but does no damage.
You barely miss something.
You feel less confused. Something hits you.
You hit something. Something hits you but does no damage.
You closely miss something.
You hear some strange, mumbled words.
A puff of flame appears from out of thin air!
The puff of flame hits you but does no damage.
You hear some strange, mumbled words.
A puff of flame appears from out of thin air!
The puff of flame hits you!
You miss something. Something hits you.
You hit something but do no damage.
You hear some strange, mumbled words.
A puff of flame appears from out of thin air!
The puff of flame hits you!
* * * LOW HITPOINT WARNING * * *
You hit something. Something hits you but does no damage. Something hits you.
* * * LOW HITPOINT WARNING * * *
You barely miss something.
You hear some strange, mumbled words.
A magic dart appears from out of thin air!
The magic dart hits you.
You die...

#####.. ~..~~~..
#.. ##+++#~. #.#
#~~~~~##~ ..#
~~~~~~.#~##.#
~~~.~~~#~~..#
.~~.~..# #~.#
~~._~~~~ #..######
#######~ #~.....@#
#~.~..####~.####{#
~....~......# #l#
.........####


oo. ##.#####.# #...# #.# #.# ..... #.# #.. ....... #.# #### ....... #.#
###...#.# You could see 2 orcs and a frilled lizard.

Vanquished Creatures
  An orc wizard (D:3)
  2 adders (D:2)
  2 dart slugs
  5 orcs (D:3)
  8 ball pythons
  2 endoplasms
  3 giant cockroaches
  3 hobgoblins
  5 jackals
  3 kobolds (D:1)
  2 quokkas (D:1)
  4 bats (D:1)
  3 frilled lizards (D:2)
  2 rats
  A spectral goblin (D:3)
46 creatures vanquished.

Notes
Turn   | Place    | Note
-------+----------+-------------------------------------------
     0 | D:1      | lonewolfV2 the Demonspawn Fighter began the quest for the
                  | Orb.
     0 | D:1      | Reached XP level 1. HP: 18/18 MP: 1/1
   241 | D:1      | Gained mutation: You regenerate a little health from kills.
                  | [demonic ancestry]
   241 | D:1      | Reached XP level 2. HP: 19/24 MP: 2/2
   795 | D:2      | Reached XP level 3. HP: 23/29 MP: 3/3
  1199 | D:2      | Got the Verses on Quantum Air
  1510 | D:3      | Reached XP level 4. HP: 17/37 MP: 4/4
  1621 | D:3      | Found a faded altar of an unknown god.
  1683 | D:3      | Killed from afar by an orc wizard

Illustrated notes

Levels and vault maps discovered:
D:1:      heliophobic_arrival_glass_houses, layout_loops_cross
D:2:      layout_loops_cross, minmay_misc_feat_more_columns,
          grunt_ministairs_11, minmay_circle_x
D:3:      layout_loops_ring, dreamdust_ecumenical_altar_drowned_temple

Skill      XL: |  1  2  3 |
---------------+----------+-----
Axes           | 2 3 |  3.6
Fighting       | |  3.8
Armour         | |  2.6
Shields        | |  2.6

Action                     |  1- 3 |  4- 6 || total
---------------------------+-------+-------++-------
  Melee: War axe           |    88 |    26 ||   114
 Armour: Scale mail        |    65 |     7 ||    72
  Dodge: Dodged            |    58 |     4 ||    62
  Block: Buckler           |    43 |     2 ||    45
